 Dungeon Crawl Stone Soup version 0.24.1 (webtiles) character file.

Game seed: 15330264103624544008, levelgen mode: deterministic

2599 Destapler the Protected (level 9, -5/81 HPs)
             Began as a Minotaur Fighter on Mar 26, 2020.
             Was a Follower of Okawaru.
             Slain by a hog (7 damage)
             ... on level 7 of the Dungeon on Mar 27, 2020.
             The game lasted 00:20:24 (5038 turns).

Destapler the Protected (Minotaur Fighter)          Turns: 5038, Time: 00:20:24

Health: -5/81      AC: 11    Str: 27    XL:     9   Next: 33%
Magic:  8/8        EV:  8    Int:  5    God:    Okawaru [*.....]
Gold:   290        SH: 12    Dex: 10    Spells: 8/8 levels left

rFire    . . .     SeeInvis .   n - +5 short sword
rCold    . . .     Gourm    .   c - +0 shield
rNeg     . . .     Faith    .   b - +0 scale mail
rPois    .         Spirit   .   (helmet restricted)
rElec    .         Reflect  .   a - +0 cloak
rCorr    .         Harm     .   k - +0 pair of gloves
MR       .....                  (no boots)
Stlth    +.........             (no amulet)
HPRegen  0.23/turn              i - +3 ring of strength
MPRegen  0.11/turn              t - ring of stealth

@: no status effects
A: retaliatory headbutt, horns 2
a: Heroism, Renounce Religion


You were on level 7 of the Dungeon.
You worshipped Okawaru.
Okawaru was aware of your devotion.
You were not hungry.

You visited 2 branches of the dungeon, and saw 8 of its levels.

You collected 290 gold pieces.

Inventory:

Hand Weapons
 n - a +5 short sword (weapon)
Missiles
 m - 39 stones (quivered)
 u - 4 boomerangs
 D - a throwing net
Armour
 a - a +0 cloak (worn)
 b - a +0 scale mail (worn)
 c - a +0 shield (worn)
 k - a +0 pair of gloves (worn)
 C - a +0 robe of magic resistance
 G - cursed quicksilver dragon scales
Jewellery
 g - a +1 ring of evasion
 h - an uncursed ring of positive energy
 i - a +3 ring of strength (left hand)
 t - a ring of stealth (right hand)
 E - a +2 ring of dexterity
 I - an uncursed amulet of magic regeneration {unknown}
Wands
 x - a wand of iceblast (6)
 y - a wand of random effects (8)
Scrolls
 j - 3 scrolls of identify {unknown}
 l - 7 scrolls of teleportation {unknown}
 o - 7 scrolls of remove curse {unknown}
 q - a scroll of fear {unknown}
 r - a scroll of noise {unknown}
 w - a scroll of blinking {unknown}
 F - 2 scrolls of amnesia {unknown}
 J - a scroll of random uselessness {unknown}
Potions
 d - 3 potions of might
 e - 2 potions of curing {unknown}
 p - 3 potions of flight {unknown}
 s - a potion of agility {unknown}
 v - 2 potions of brilliance {unknown}
 z - a potion of cancellation {unknown}
 B - 2 potions of invisibility {unknown}
 H - a potion of resistance {unknown}
Comestibles
 f - 17 rations
 A - 18 chunks of flesh


   Skills:
 + Level 8.1 Fighting
 + Level 6.3 Short Blades
   Level 3.0(3.3) Axes
   Level 2.0(2.8) Polearms
 + Level 8.6 Armour
 + Level 8.6 Shields


You had 8 spell levels left.
You didn't know any spells.
Your spell library was empty.

Dungeon Overview and Level Annotations

Branches:
Dungeon (7/15)             Temple (1/1) D:6

Altars:
Ashenzari
Cheibriados
Dithmenos
Elyvilon
Fedhas
Hepliaklqana
Kikubaaqudgha
Makhleb
Nemelex Xobeh
Okawaru
Qazlal
Ru
Sif Muna
Trog
Uskayaw
Vehumet
Wu Jian
Xom
Yredelemnul
Zin
The Shining One


Innate Abilities, Weirdness & Mutations

You reflexively headbutt those who attack you in melee.
You have a pair of horns on your head.


Message History

You kill the hog!
Okawaru accepts your kill.
Your Fighting skill increases to level 8!
You block the hog's attack. The hog bites you.
* * * LOW HITPOINT WARNING * * *
You block the hog's attack.
You see here a hog corpse.
You closely miss the hog. Your headbutt misses the hog.
The hog bites you but does no damage.
You puncture the hog! You headbutt the hog!
The hog is heavily wounded.
The hog bites you but does no damage.
You hit the hog. Your headbutt misses the hog.
The hog is severely wounded.
The hog bites you!
* * * LOW HITPOINT WARNING * * *
You closely miss the hog.
The hog is severely wounded.
The hog bites you!
You die...

#.... #... ...
####### ...
#%%#..#
#.######%.#..#
#§≈ §≈##..'..#
##≈###≈##).#..#
#..'_'..#@h#..#
###.≈###≈.#'#####
#...≈≈§§≈#....#
####....###...#
###...##...####.
##............
##...##......
###..## ##....
###...## #...


You could see a hog.

Vanquished Creatures
  A hippogriff (D:5)
  A yak (D:7)
  A human (D:7)
  2 hogs (D:7)
  Menkaure (D:5)
  A sky beast (D:6)
  An orc warrior (D:7)
  A phantom (D:6)
  4 ogres
  A big kobold (D:4)
  2 bullfrogs
  A scorpion (D:7)
  6 crimson imps
  A centaur zombie (D:7)
  4 orc priests
  A centaur skeleton (D:6)
  2 iguanas
  An orc wizard (D:7)
  4 worker ants
  A hound zombie (D:5)
  7 gnolls
  10 adders
  A shadow imp (D:6)
  An ooze (D:3)
  An adder skeleton (D:6)
  2 adder zombies
  6 worms
  A dart slug (D:4)
  6 leopard geckos
  24 orcs
  5 bats
  4 giant cockroaches
  6 goblins
  10 hobgoblins
  16 kobolds
  7 quokkas
  A ball python (D:3)
  7 frilled lizards
  A quokka skeleton (D:7)
  7 rats
  A spectral orc (D:6)
  4 plants (D:2)
165 creatures vanquished.

Vanquished Creatures (others)
  A plant (D:2)
1 creature vanquished.

Grand Total: 166 creatures vanquished

Notes
Turn   | Place    | Note
-------+----------+-------------------------------------------
     0 | D:1      | Destapler the Minotaur Fighter began the quest for the Orb.
     0 | D:1      | Reached XP level 1. HP: 19/19 MP: 0/0
   121 | D:1      | Reached XP level 2. HP: 20/26 MP: 1/1
   563 | D:1      | Reached XP level 3. HP: 31/31 MP: 2/2
   841 | D:2      | Reached skill level 1 in Polearms
   864 | D:2      | Found a shimmering blue altar of Sif Muna.
   875 | D:2      | Reached XP level 4. HP: 8/39 MP: 3/3
  1206 | D:2      | Found a shimmering altar of Xom.
  1282 | D:2      | Found an ancient bone altar of Kikubaaqudgha.
  1284 | D:2      | Found a bloodstained altar of Trog.
  1291 | D:2      | Found a hide-covered altar of Uskayaw.
  1890 | D:3      | Reached XP level 5. HP: 45/46 MP: 4/4
  1945 | D:3      | Reached skill level 1 in Short Blades
  1992 | D:3      | Reached skill level 5 in Shields
  2354 | D:3      | Reached skill level 5 in Armour
  2607 | D:4      | Reached XP level 6. HP: 53/53 MP: 5/5
  2839 | D:4      | Found a shimmering blue altar of Sif Muna.
  2894 | D:4      | Found a blossoming altar of Fedhas.
  2944 | D:4      | Found a sparkling altar of Nemelex Xobeh.
  3001 | D:4      | Found a shattered altar of Ashenzari.
  3198 | D:5      | Entered Level 5 of the Dungeon
  3208 | D:5      | Reached skill level 5 in Fighting
  3360 | D:5      | Noticed a hippogriff
  3369 | D:5      | Killed a hippogriff
  3369 | D:5      | Reached XP level 7. HP: 37/61 MP: 6/6
  3405 | D:5      | Noticed Menkaure
  3413 | D:5      | Killed Menkaure
  3668 | D:6      | Reached XP level 8. HP: 59/70 MP: 7/7
  3769 | D:6      | Found a staircase to the Ecumenical Temple.
  3793 | Temple   | Entered the Ecumenical Temple
  4233 | D:6      | Reached skill level 5 in Short Blades
  4250 | D:6      | Found a snail-covered altar of Cheibriados.
  4250 | D:6      | Found an iron altar of Okawaru.
  4335 | D:6      | Found a basalt altar of Yredelemnul.
  4753 | D:6      | Became a worshipper of Warmaster Okawaru
  4883 | D:7      | Reached * piety under Okawaru
  4970 | D:7      | Reached XP level 9. HP: 69/79 MP: 8/8
  4997 | D:7      | Found a shadowy altar of Dithmenos.
  5037 | D:7      | HP: 2/81 [hog (10)]
  5038 | D:7      | Slain by a hog

Levels and vault maps discovered:
D:1:      psy_arrival_conway, layout_rooms
D:2:      wad_woods_stonehenge, layout_basic, xom_teletrap_fun,
          grunt_temple_overflow_diamond
D:3:      minmay_bubble_buster, layout_loops_ring, first_ration
D:4:      cheibrodos_thug_alley, layout_loops_ring, fedhas_altar_fruit_tree,
          old_standard_altar, nicolae_overflow_crystal_walls,
          nemelex_lonely_heart_becter
D:5:      layout_rooms, uniq_menkaure
D:6:      layout_loops_ring, yredelemnul_forgotten_temple_becter,
          amethyst_overflow_temple_binary, minmay_temple_entry_stoned_glass
D:7:      layout_layer_cave, kennysheep_mini_moat, grunt_livestock
Temple:   eino_temple_lava

Skill      XL: |  1  2  3  4  5  6  7  8  9 |
---------------+----------------------------+-----
Axes           | 3 |  3.0
Armour         | 4 5 6 8 |  8.6
Shields        | 4 5 6 8 |  8.6
Polearms       | 1 2 |  2.0
Short Blades   | 2 3 4 5 6 |  6.3
Fighting       | 4 5 6 7 8 |  8.1

Action                   |  1- 3 |  4- 6 |  7- 9 || total
-------------------------+-------+-------+-------++-------
Melee: War axe           |    38 |       |       ||    38
       Headbutt          |     7 |    61 |    47 ||   115
       Spear             |    43 |    43 |       ||    86
       Short sword       |       |   206 |   203 ||   409
 Stab: Distracted        |     1 |       |       ||     1
  Eat: Chunk             |       |     8 |     6 ||    14
Armor: Scale mail        |    36 |    60 |    70 ||   166
Dodge: Dodged            |    17 |    49 |    40 ||   106
Block: Shield            |    35 |    69 |   121 ||   225
